 Dungeon Crawl Stone Soup version 0.31.0 (webtiles) character file.

Game seed: 5143766527875962412

4 qw the Shooter (level 1, -2/12 HPs)
             Began as a Gargoyle Hunter on Jan 19, 2024.
             Slain by a ball python (3 damage)
             ... on level 1 of the Dungeon.
             The game lasted 00:00:00 (28 turns).

qw the Shooter (Gargoyle Hunter)                      Turns: 28, Time: 00:00:00

Health: -2/12      AC:  5    Str: 14    XL:     1   Next: 60%
Magic:  1/1        EV:  8    Int:  9    God:
Gold:   8          SH:  0    Dex: 13    Spells: 0/0 levels left

rFire   . . .        a - +0 shortbow
rCold   . . .        (shield currently unavailable)
rNeg    + . .        c - +0 leather armour
rPois   inf          (no helmet)
rElec   +            (no cloak)
rCorr   .            (no gloves)
SInv    .            (no boots)
Will    .....        (no amulet)
Stlth   +            (no ring)
HPRegen 0.22/turn    (no ring)
MPRegen 0.07/turn

%: no passive effects
@: constricted
A: sickness immunity, AC +2, negative energy resistance 1, electricity
resistance, torment resistance 1, petrification resistance
a: no special abilities


You were on level 1 of the Dungeon.
You visited 1 branch of the dungeon, and saw 1 of its levels.

You collected 8 gold pieces.


Innate Abilities, Weirdness & Mutations

You are immune to sickness and miasma.
Your stone body is resilient. (AC +2)
You are immune to poison.
You resist negative energy. (rN+)
You are resistant to electric shocks. (rElec)
You are resistant to unholy torment.
You are immune to petrification.


   Skills:
 - Level 2.1 Fighting
 + Level 4.2 Ranged Weapons
 - Level 1.5 Dodging
 - Level 1.1 Stealth


You couldn't memorise any spells.
You didn't know any spells.
Your spell library was empty.

Inventory:

Hand Weapons
 a - a +0 shortbow (weapon)
Armour
 c - a +0 leather armour (worn)
Scrolls
 b - a scroll of butterflies

Dungeon Overview and Level Annotations

Branches:
Dungeon (1/15)

Altars:

Annotations:
D:1 2 transporters


Message History

The endoplasm closely misses you. The goblin hits you but does no damage.
You shoot an arrow. The arrow barely misses the goblin.
The endoplasm misses you. The goblin hits you but does no damage.
You shoot an arrow. The arrow misses the goblin.
The endoplasm closely misses you. The goblin barely misses you.
You shoot an arrow. The arrow hits the goblin.
You kill the goblin!
The endoplasm freezes you.
You are frozen.
The ball python barely misses you. The ball python closely misses you.
The endoplasm hits you.
You shoot an arrow.
The arrow barely misses the ball python.
The ball python bites you but does no damage.
The ball python grabs you. The ball python constricts you.
The endoplasm closely misses you.
An endoplasm comes into view.
You shoot an arrow.
The arrow closely misses the ball python.
The ball python closely misses you. The ball python constricts you.
The endoplasm freezes you.
You are frozen.
The ball python bites you but does no damage.
The ball python constricts you.
You shoot an arrow.
The arrow closely misses the ball python.
The endoplasm freezes you.
You are frozen.
The ball python barely misses you. The ball python constricts you.
You shoot an arrow.
The arrow closely misses the ball python.
The ball python barely misses you. The ball python constricts you.
The endoplasm barely misses you.
The ball python bites you but does no damage.
The ball python constricts you. The endoplasm freezes you.
You are frozen.
You shoot an arrow.
The arrow barely misses the ball python.
The ball python bites you.
You die...

~~~~~ ..~ .~. ...
.# #.#
#....###.#######
.....J.J.....>..
.....###@#
......S.#.#
.###.###.#.# .
........%...##
..#.###.#......#.
....#~~~~.~~~.....#
#~~~~.~~~~~.#..#
.##~~~.~~~~~~~# .#
....~~~~.~~~~~~.. .


You could see 2 endoplasms and a ball python.

Vanquished Creatures
  2 bats (D:1)
  A hobgoblin (D:1)
  A goblin (D:1)
4 creatures vanquished.

Notes
Turn   | Place    | Note
-------+----------+-------------------------------------------
     0 | D:1      | qw the Gargoyle Hunter began the quest for the Orb.
     0 | D:1      | Reached XP level 1. HP: 12/12 MP: 1/1
     0 | D:1      | 0 ||| qw: Version: 0.3-a-132-g3d54051
     0 | D:1      | 0 ||| qw: Game counter: 114
     0 | D:1      | 0 ||| qw: Melee chars always use a shield: true
     0 | D:1      | 0 ||| qw: God list: Okawaru
     0 | D:1      | 0 ||| qw: Allow faded altars: false
     0 | D:1      | 0 ||| qw: Do Orc after clearing Dungeon:15 true
     0 | D:1      | 0 ||| qw: Do second Lair branch before Depths: true
     0 | D:1      | 0 ||| qw: Lair rune preference: random
     0 | D:1      | 0 ||| qw: Goals: Normal
     0 | D:1      | 0 ||| PLANNING D:1-11
    26 | D:1      | HP: 1/12 [frozen (4)]
    28 | D:1      | Slain by a ball python

Levels and vault maps discovered:
D:1:      spicycebolla_arrival_transporter_tutorial, layout_loops_ring,
          basic_ecumenical_altar, serial_shops, shop,
          chequers_serial_rivers_small_3

Action                     || total
---------------------------++-------
   Fire: Shortbow          ||    18
 Armour: Leather armour    ||    10
  Dodge: Dodged            ||    12

Table legend:
 A = Non-vault XP
 B = Vault XP
 C = Vault XP percentage of total XP
 D = Non-vault monster count
 E = Vault monster count
 F = Vault count percentage of total count
                 A         B        C        D         E       F
            +---------+---------+-------+---------+---------+-------
      Total |       6 |       0 |   0.0 |       4 |       0 |   0.0
            +---------+---------+-------+---------+---------+-------
        D:1 |       6 |       0 |   0.0 |       4 |       0 |   0.0
            +---------+---------+-------+---------+---------+-------
